 Dungeon Crawl Stone Soup version 0.28-a0-1159-g27aa881441 (webtiles) character file.

Game seed: 1102483205161509004

313 mainiacjoe the Sneak (level 6, 0/36 HPs)
             Began as an Octopode Fire Elementalist on Dec 16, 2021.
             Slain by an orc wizard (2 damage)
             ... on level 4 of the Dungeon.
             The game lasted 00:11:13 (3719 turns).

mainiacjoe the Sneak (Octopode Fire Elementalist)   Turns: 3719, Time: 00:11:14

Health: 0/36       AC:  1    Str:  6 (7)  XL:     6   Next: 43%
Magic:  5/10       EV: 13    Int: 18 (20) God:
Gold:   119        SH:  0    Dex:  9 (12) Spells: 2/11 levels left

rFire   . . .      SeeInvis .   a - +0 trident
rCold   . . .      Faith    .   (no shield)
rNeg    . . .      Spirit   .   (helmet restricted)
rPois   .          Reflect  .   e - amulet of magic regeneration
rElec   .          Harm     .   (no ring)
rCorr   .          Rampage  .   (no ring)
Will    .....                   (no ring)
Stlth   ++++......              (no ring)
HPRegen 0.12/turn               (no ring)
MPRegen 0.52/turn               (no ring)
                                (no ring)
                                (no ring)

@: no status effects
A: almost no armour, amphibious, 8 rings, camouflage 1, gelatinous body 1,
(nimble swimmer 1), tentacles
a: no special abilities


You were on level 4 of the Dungeon.
You visited 1 branch of the dungeon, and saw 4 of its levels.

You collected 119 gold pieces.

Inventory:

Hand Weapons
 a - a +0 trident (weapon)
 b - a +0 hunting sling
 l - a +0 short sword
 p - a +0 short sword of speed
 v - a +0 rapier
 w - a +0 war axe
 x - a +1 dagger of speed
Missiles
 f - 2 boomerangs
 k - 75 stones
 m - 19 sling bullets
 t - 12 poisoned darts (quivered)
 u - 19 bolts
Jewellery
 e - an amulet of magic regeneration (around mantle)
Scrolls
 d - a scroll of enchant armour {unknown}
 g - a scroll of teleportation {unknown}
 h - a scroll of brand weapon {unknown}
 i - a scroll of noise {unknown}
 j - 2 scrolls of vulnerability {unknown}
 q - a scroll of identify {unknown}
 r - a scroll of summoning {unknown}
 s - a scroll of fog {unknown}
Potions
 c - a potion of lignification {unknown}
 n - a potion of curing {unknown}
 o - a potion of degeneration


   Skills:
 - Level 2.0 Dodging
 + Level 5.8 Stealth
 - Level 3.0 Spellcasting
 + Level 3.5 Conjurations
 + Level 1.6 Hexes
 + Level 3.5 Fire Magic


You had 2 spell levels left.
You knew the following spells:

 Your Spells              Type           Power      Damage    Failure   Level
a - Foxfire               Conj/Fire      60%        2x1d7     3%          1
b - Scorch                Fire           30%        2d7       6%          2
c - Inner Flame           Hex/Fire       11%        N/A       17%         3
z - Conjure Flame         Conj/Fire      15%        6-21      12%         3

Your spell library contained the following spells:

 Spells                   Type           Power      Damage    Failure   Level
 Sublimation of Blood     Necr           2%         N/A       24%         2
 Wereblood                Tmut           2%         N/A       24%         2
 Flame Wave               Conj/Fire      15%        2d5       36%         4
 Summon Hydra             Summ           1%         N/A       100%        7


Dungeon Overview and Level Annotations

Branches:
Dungeon (4/15)
 Temple: D:4-7

Altars:

Annotations:
D:4 3 exclusions


Innate Abilities, Weirdness & Mutations

You cannot wear most types of armour.
You are amphibious.
You can wear up to eight rings at the same time.
Your skin changes colour to match your surroundings (Stealth+).
Your rubbery body absorbs attacks. (AC +1, EV +1)
((You are camouflaged near water. (Stealth+)))
You have tentacles for arms and can constrict up to eight enemies at once.


Message History

Confirm with . or Enter, or press ? or * to list all spells.
Flames lash something.
You constrict the orc. The orc barely misses you.
Casting: Scorch (safe; 4% risk of failure)
Confirm with . or Enter, or press ? or * to list all spells.
Flames lash the orc.
The orc is heavily wounded.
The orc's fire resistance burns away.
You constrict the orc. The orc hits you with a +0 short sword.
Casting: Scorch (safe; 4% risk of failure)
Confirm with . or Enter, or press ? or * to list all spells.
Flames lash the orc.
You kill the orc!
You constrict the orc. The orc barely misses you.
Casting: Scorch (safe; 4% risk of failure)
Confirm with . or Enter, or press ? or * to list all spells.
Flames lash something.
You constrict the orc.
You kill the orc!
Unknown command.
Casting: Scorch (safe; 4% risk of failure)
Confirm with . or Enter, or press ? or * to list all spells.
You conjure some foxfire!
You hear some strange, mumbled words.
A magic dart appears from out of thin air!
The magic dart hits you!
* * * LOW HITPOINT WARNING * * *
You closely miss something.
The foxfire hits something but does no damage. x2
You hear some strange, mumbled words.
A magic dart appears from out of thin air!
The magic dart hits you.
* * * LOW HITPOINT WARNING * * *
You hit something. Your squeeze misses something.
You hear the brisk hiss of an avalanche of sand nearby.
Something hits you.
* * * LOW HITPOINT WARNING * * *
It was a potion of degeneration.
There was something very wrong with that liquid.
You feel weakened.
You feel dopey.
You feel clumsy. Something hits you.
You die...

#.# #.# #.# #.#
####### #######.#
#.....#
#...$...###.###.######
#.####...##.#........#
#.###.....#.#.#.####.#
.......@........# #.#
#.#####{######### #.#
#)# #.# #)# #.# ..#
######.### ...
#....>...# ....
#.#.###.#.# ....
#.##.#.# ......
#.....#


There were no monsters in sight!

Vanquished Creatures
  An ogre (D:2)
  2 orc priests (D:4)
  Terence (D:2)
  2 orc wizards
  A hound skeleton (D:4)
  2 worms (D:2)
  A dart slug (D:2)
  7 orcs
  5 endoplasms
  2 giant cockroaches (D:2)
  8 hobgoblins
  5 kobolds
  3 quokkas
  9 ball pythons
  6 bats
  8 goblins
  11 rats
74 creatures vanquished.

Vanquished Creatures (others)
  156 foxfires
156 creatures vanquished.

Grand Total: 230 creatures vanquished

Notes
Turn   | Place    | Note
-------+----------+-------------------------------------------
     0 | D:1      | mainiacjoe the Octopode Fire Elementalist began the quest
                  | for the Orb.
     0 | D:1      | Reached XP level 1. HP: 11/11 MP: 3/3
    92 | D:1      | Reached skill level 3 in Stealth
   190 | D:1      | Reached XP level 2. HP: 17/17 MP: 1/5
   193 | D:1      | Learned a level 2 spell: Scorch
   673 | D:1      | Found a faded altar of an unknown god.
   822 | D:1      | Reached XP level 3. HP: 19/21 MP: 6/6
  1176 | D:2      | Noticed Terence
  1196 | D:2      | HP: 1/21 [Terence (6)]
  1197 | D:2      | Killed Terence
  1198 | D:2      | Reached skill level 4 in Stealth
  1198 | D:2      | Reached XP level 4. HP: 2/27 MP: 2/7
  1539 | D:2      | Noticed an ogre
  1543 | D:2      | Killed an ogre
  1544 | D:2      | Reached skill level 5 in Stealth
  1544 | D:2      | Reached XP level 5. HP: 31/31 MP: 4/9
  1548 | D:2      | Learned a level 3 spell: Conjure Flame
  2053 | D:2      | You fall into a shaft and drop 1 floor!
  3454 | D:4      | Learned a level 3 spell: Inner Flame
  3549 | D:4      | Reached skill level 1 in Hexes
  3549 | D:4      | Reached XP level 6. HP: 34/36 MP: 10/10
  3719 | D:4      | Slain by an orc wizard

Illustrated notes

Levels and vault maps discovered:
D:1:      onia_arrival_handbag, layout_loops_cross,
          hellmonk_ecumenical_altar_leap_of_faith, minmay_misc_feat_iff,
          minivault_14, chequers_serial_rivers_micro_e
D:2:      layout_loops_corners, grunt_decor_mini_mirrors, chequers_garden,
          grunt_ministairs_7, st_stairs_1, uniq_terence
D:3:      layout_loops_corners
D:4:      layout_loops_corners, chequers_ossuary_entry_cave

Skill      XL: |  1  2  3  4  5 |
---------------+----------------+-----
Stealth        | 3 4 5 |  5.8
Conjurations   | 2 3 |  3.5
Spellcasting   | 3 |  3.0
Hexes          | 1 |  1.6
Dodging        | |  2.0
Fire Magic     | |  3.5

Action                   |  1- 3 |  4- 6 || total
-------------------------+-------+-------++-------
Melee: Short sword       |     5 |     5 ||    10
       Constrict         |     3 |     7 ||    10
       Unarmed           |     2 |       ||     2
       Trident           |       |    20 ||    20
       Tentacles         |       |     2 ||     2
 Fire: Hunting sling     |       |     6 ||     6
Throw: Boomerang         |       |    18 ||    18
       Dart              |       |     2 ||     2
 Cast: Foxfire           |    52 |    44 ||    96
       Scorch            |     4 |    11 ||    15
       Conjure Flame     |       |     5 ||     5
  Use: Potion            |       |     1 ||     1
 Stab: Sleeping          |       |     3 ||     3
Armor: Skin              |     2 |       ||     2
Dodge: Dodged            |     6 |    18 ||    24

Table legend: (Time is in decaauts)
 A = Elapsed time spent in this place.
 B = Non-inter-level travel time spent in this place.
 C = Inter-level travel time spent in this place.
 D = Time resting spent in this place.
 E = Time spent auto-exploring this place.
 F = Levels seen in this place.
 G = Mean time per level.
                   A        B        C        D        E       F      G
               +--------+--------+--------+--------+--------+-----+--------+
         Total |   3725 |   3612 |    113 |    347 |   2462 |   4 |  931.2 |
       Dungeon |   3725 |   3612 |    113 |    347 |   2462 |   4 |  931.2 |
               +--------+--------+--------+--------+--------+-----+--------+

Top non-repeatable levels by time:
     D:2: 1336 daAuts
     D:3: 1049 daAuts
     D:1: 1035 daAuts
     D:4: 304 daAuts
